 Dungeon Crawl Stone Soup version 0.29-a0-887-gcbe080d7e0 (webtiles) character file.

Game seed: 12765536111022763506

1303 iguanaiguana the Magician (level 8, -10/58 HPs)
             Began as a Djinni Wanderer on July 22, 2022.
             Was an Initiate of Yredelemnul.
             Mangled by an orc wizard
             ... wielding a +0 dagger of electrocution
              (19 damage)
             ... on level 5 of the Dungeon.
             The game lasted 00:18:32 (5573 turns).

iguanaiguana the Magician (Djinni Wanderer)         Turns: 5573, Time: 00:18:33

Health: -10/58     AC:  5    Str: 15    XL:     8   Next: 87%
Gold:   86         EV: 13    Int: 12    God:    Yredelemnul [......] SH:  0 Dex: 19

rFire   + + .      SeeInvis .   b - +2 dagger (elec)
rCold   x . .      Faith    .   (no shield)
rNeg    . . .      Spirit   .   i - +0 ring mail
rPois   ∞          Reflect  .   (no helmet)
rElec   .          Harm     .   (no cloak)
rCorr   .          Rampage  .   (no gloves)
Will    .....                   (boots unavailable)
Stlth   +.........              (no amulet)
HPRegen 0.19/turn               C - +6 ring of strength
MPRegen 0.00/turn               (no ring)

@: flying
A: sickness immunity, fire resistance 2, cold vulnerability 1, float, innate
caster, HP casting, extra vitality 1
a: Renounce Religion, Recall Undead Harvest


You were on level 5 of the Dungeon.
You worshipped Yredelemnul.
Yredelemnul was noncommittal.
You visited 2 branches of the dungeon, and saw 6 of its levels.

You collected 265 gold pieces.
You spent 179 gold pieces at shops.

Inventory:

Hand Weapons
 a - a +0 sling
 b - a +2 dagger of electrocution (weapon)
Missiles
 h - 2 throwing nets (quivered)
 l - 12 poisoned darts
 q - 6 javelins
Armour
 c - a +0 leather armour
 i - a +0 ring mail (worn)
 k - a +0 helmet
 B - a +0 helmet
Magical Staves
 e - a staff of conjuration
Jewellery
 C - a +6 ring of strength (left hand)
 D - a ring of resist corrosion
Wands
 z - a wand of mindburst (7)
Scrolls
 d - 2 scrolls of butterflies
 f - a scroll of amnesia {unknown}
 g - a scroll of teleportation {unknown}
 j - a scroll of immolation
 n - 3 scrolls of blinking {@r4}
 p - a scroll of magic mapping {unknown}
 r - 2 scrolls of identify {unknown}
 y - 3 scrolls of vulnerability {unknown}
 F - a scroll of enchant weapon {unknown}
Potions
 m - 2 potions of brilliance {unknown}
 o - 2 potions of curing {@q1}
 s - 2 potions of mutation {unknown}
 t - a potion of invisibility {unknown}
 u - a potion of ambrosia {unknown}
 v - 2 potions of attraction {unknown}
 w - a potion of berserk rage {unknown}
 x - a potion of magic {unknown}
 A - 3 potions of lignification {unknown}
 E - 2 potions of degeneration {unknown}
 G - a potion of haste {unknown}


   Skills:
 - Level 4.0 Fighting
 - Level 2.0 Short Blades
 - Level 1.0 Ranged Weapons
 - Level 2.0 Armour
 - Level 5.4 Dodging
 - Level 1.0 Stealth
 - Level 6.0 Spellcasting
 + Level 3.8 Evocations


You had 14 spell levels left.
You knew the following spells:

 Your Spells              Type           Power      Damage    Failure   Level
a - Static Discharge      Conj/Air       18%        3-6/arc   4%          2
b - Blink                 Tloc           36%        N/A       4%          2
c - Necrotise             Necr           72%        1d7       3%          1
Your spell library was empty.

Dungeon Overview and Level Annotations

Branches:
Dungeon (5/15) Zot: 24456  Temple (1/1) D:4 Zot: 5943

Altars:
Dithmenos
Fedhas
Gozag
Makhleb
Nemelex Xobeh
Ru
Trog
Xom
Yredelemnul
The Shining One

Shops:
D:2 *!=

Annotations:
D:1 exclusion: kobold
D:2 1 runed translucent door, exclusion: downstairs, Crazy Yiuf
D:3 Grinder


Innate Abilities, Weirdness & Mutations

You are immune to sickness and miasma.
You are immune to poison.
Your flesh is very heat resistant. (rF++)
You are vulnerable to cold. (rC-)
You float through the air rather than walking.
You learn spells naturally, not from books.
Your magical power is your life essence.
You have superior vitality. (+4 MHP)


Message History

A necrophage is nearby!
Unknown command.
Aiming: Mindburst
Press: ? - help, Shift-Dir - straight line, f - necrophage
Aim: a necrophage (chance to affect: 62%)
The necrophage's mind is blasted!!
An adder comes into view.
The adder moves out of view.
Aiming: Mindburst
Press: ? - help, Shift-Dir - straight line, f/p - necrophage
Aim: a necrophage (almost destroyed, chance to affect: 62%)
The necrophage resists with significant effort.
An adder comes into view.
Really fly into that cloud of flame?
You are engulfed in blazing flames.
You resist.
* * * LOW HITPOINT WARNING * * *
An orc wizard comes into view.
It is wielding a +0 dagger of electrocution.
Aiming: Mindburst
Press: ? - help, Shift-Dir - straight line, f/p - necrophage
Aim: a necrophage (almost destroyed, chance to affect: 62%)
The adder's mind is blasted!!
You blow up the adder!
Aiming: Mindburst
Press: ? - help, Shift-Dir - straight line, f/p - necrophage
Aim: a necrophage (almost destroyed, chance to affect: 62%)
The necrophage's mind is blasted!
You blow up the necrophage!
You see here a +0 lajatang.
An orc wizard is nearby!
You start resting.
An orc wizard is nearby!
Casting: Static Discharge (safe; 4% risk of failure)
Confirm with . or Enter, or press ? or * to list all spells.
Okay, then.
The orc wizard gestures at you while chanting.
The puff of flame hits you. You resist.
* * * LOW HITPOINT WARNING * * *
You are electrocuted!!
You die...
Your body rises from the dead as a mindless zombie.

#..#..'$.)#.##.# #.# ##.
######..########.##.###.####.
#.....o.##.......Z...........
#.#####.##.###.#.##.###.###.#
#.#........# #.#.##.###+###.#
#Z#.###.#..# #.#.##.#.......#
#.....#.#..# #.#.##.#.......#
###.#.#.#..###.#.##.#.......#
#..........o@....##>#........
#...####.........##.#.......#
#####...#####..###.#.##Z###.....#
#..Z........#..###.####.......(..
#.####...........#...Z...........
#.# #.####.#..############......
#.# #.# #.......)......#####..)
#.# #.####.#.#######.##.# #...
#.# #................##.# #...


You could see an orc wizard.

Vanquished Creatures
  A two-headed ogre (D:5)
  2 centaurs (D:5)
  A bullfrog (D:4)
  A necrophage (D:5)
  A scorpion (D:5)
  A jelly (D:4)
  5 hounds
  Natasha (thrice) (D:2)
  4 adders
  A shadow imp (D:5)
  A white imp (D:5)
  An ufetubus (D:5)
  A worm zombie (D:5)
  2 worms
  3 dart slugs
  6 orcs
  8 ball pythons
  2 bats
  5 endoplasms
  3 giant cockroaches
  3 goblins
  5 hobgoblins
  4 quokkas
  8 kobolds
  9 rats
81 creatures vanquished.

Vanquished Creatures (collateral kills)
  An adder zombie (D:5)
1 creature vanquished.

Vanquished Creatures (others)
  A centaur zombie (D:5)
  A spectral white imp (D:5)
  A spectral shadow imp (D:5)
  A dart slug zombie (D:5)
  A quokka zombie (D:5)
  4 fungi (D:2)
  3 plants (D:3)
12 creatures vanquished.

Grand Total: 94 creatures vanquished

Notes
Turn   | Place    | Note
-------+----------+-------------------------------------------
     0 | D:1      | iguanaiguana the Djinni Wanderer began the quest for the
                  | Orb.
     0 | D:1      | iguanaiguana set off with the following items: a +0 sling,
                  | 2 throwing nets, a +0 leather armour, a scroll of
                  | butterflies, a scroll of fear.
     0 | D:1      | Reached XP level 1. HP: 17/17 MP: 0/0
   239 | D:1      | Reached skill level 1 in Spellcasting
   239 | D:1      | Reached XP level 2. HP: 22/22 MP: 0/0
   698 | D:1      | Reached skill level 1 in Short Blades
   698 | D:1      | Reached XP level 3. HP: 27/27 MP: 0/0
   698 | D:1      | Learned a level 1 spell: Necrotise
  1339 | D:2      | Found Noze's Distillery.
  1371 | D:2      | Bought a potion of curing for 42 gold pieces
  1371 | D:2      | Bought a potion of might for 56 gold pieces
  1626 | D:2      | Reached XP level 4. HP: 32/32 MP: 0/0
  1896 | D:2      | Reached skill level 2 in Spellcasting
  2057 | D:2      | Noticed Natasha
  2065 | D:2      | Killed Natasha
  2261 | D:2      | Found Navoicw's Jewellery Boutique.
  2382 | D:2      | Noticed Natasha
  2397 | D:2      | Killed Natasha
  2398 | D:2      | Reached XP level 5. HP: 11/37 MP: 0/0
  2398 | D:2      | Learned a level 2 spell: Blink
  2688 | D:2      | Found Xocwy's Assorted Antiques.
  2695 | D:2      | Bought a fizzy white potion for 27 gold pieces
  2695 | D:2      | Bought a fuming brown potion for 27 gold pieces
  2695 | D:2      | Bought a green potion for 27 gold pieces
  2743 | D:2      | Noticed Natasha
  2770 | D:2      | Killed Natasha
  2771 | D:2      | Reached skill level 3 in Spellcasting
  2968 | D:2      | Found a runed translucent door.
  2969 | D:2      | Noticed Crazy Yiuf
  3042 | D:3      | Noticed Grinder
  3468 | D:3      | Found a faded altar of an unknown god.
  3547 | D:4      | Noticed a bullfrog
  3551 | D:4      | Killed a bullfrog
  3552 | D:4      | Reached XP level 6. HP: 42/42 MP: 0/0
  3629 | D:4      | Reached skill level 4 in Spellcasting
  3654 | D:4      | Found a staircase to the Ecumenical Temple.
  3670 | Temple   | Entered the Ecumenical Temple
  3717 | Temple   | Became a worshipper of Yredelemnul the Dark
  4099 | D:5      | Entered Level 5 of the Dungeon
  4153 | D:5      | Found a sparkling altar of Nemelex Xobeh.
  4570 | D:5      | Found an opulent altar of Gozag.
  4598 | D:5      | Reached XP level 7. HP: 46/49 MP: 0/0
  4598 | D:5      | Learned a level 2 spell: Static Discharge
  5163 | D:5      | Reached skill level 5 in Spellcasting
  5495 | D:5      | Noticed a two-headed ogre
  5523 | D:5      | Killed a two-headed ogre
  5524 | D:5      | Reached skill level 6 in Spellcasting
  5524 | D:5      | Reached XP level 8. HP: 12/58 MP: 0/0
  5573 | D:5      | Mangled by an orc wizard

Illustrated notes

Levels and vault maps discovered:
D:1:      tarquinn_simple_flora_water_e, layout_loops_corners,
          lemuel_flame_loot_1
D:2:      layout_basic, serial_shops, nicolae_square_shop, shop_coins, shop,
          minmay_pentomino_u4, uniq_crazy_yiuf_cottage, uniq_natasha
D:3:      layout_rooms, ebering_ecumenical_altar_webs, serial_bayou_lake_a,
          uniq_jessica, uniq_grinder, uniq_robin
D:4:      cheibrodos_helix_gallery, layout_cave_pools, minmay_temple_entry_tees
D:5:      kennysheep_windowed_halls, layout_basic, mainiacjoe_overflow_24_doors,
          lemuel_tele_altar, chequers_serial_rivers_marsh
Temple:   nicolae_temple_ecumenical_triangle

Skill      XL: |  1  2  3  4  5  6  7 |
---------------+----------------------+-----
Spellcasting   | 1 2 3 4 6 |  6.0
Short Blades   | 1 2 |  2.0
Fighting       | 2 4 |  4.0
Evocations     | 3 |  3.8
Ranged Weapons | |  1.0
Armour         | |  2.0
Dodging        | |  5.4
Stealth        | |  1.0

Action                   |  1- 3 |  4- 6 |  7- 9 || total
-------------------------+-------+-------+-------++-------
Melee: Dagger            |    45 |    81 |    39 ||   165
       Punch             |     1 |       |       ||     1
 Fire: Sling             |    52 |    31 |       ||    83
Throw: Dart              |       |     1 |       ||     1
 Cast: Necrotise         |     7 |     9 |       ||    16
       Static Discharge  |       |       |     8 ||     8
       Blink             |       |       |     1 ||     1
Evoke: Wand              |       |       |     6 ||     6
  Use: Scroll            |     1 |     3 |     2 ||     6
       Potion            |       |     1 |       ||     1
 Stab: Sleeping          |     1 |     2 |       ||     3
Armor: Ring mail         |    15 |     7 |    19 ||    41
Dodge: Dodged            |    31 |    48 |    23 ||   102

Table legend: (Time is in decaauts)
 A = Elapsed time spent in this place.
 B = Non-inter-level travel time spent in this place.
 C = Inter-level travel time spent in this place.
 D = Time resting spent in this place.
 E = Time spent auto-exploring this place.
 F = Levels seen in this place.
 G = Mean time per level.
                   A        B        C        D        E       F      G
               +--------+--------+--------+--------+--------+-----+--------+
         Total |   5599 |   5020 |    579 |    582 |   3651 |   6 |  933.2 |
       Dungeon |   5542 |   4988 |    554 |    582 |   3628 |   5 | 1108.4 |
        Temple |     56 |     31 |     25 |      0 |     23 |   1 |   56.0 |
               +--------+--------+--------+--------+--------+-----+--------+

Top non-repeatable levels by time:
     D:2: 2124 daAuts
     D:5: 1468 daAuts
     D:1: 1344 daAuts
     D:4: 557 daAuts
  Temple: 56 daAuts
     D:3: 47 daAuts
